 Dungeon Crawl Stone Soup version 0.21.1-1-g345015fe64 (webtiles) character file.

72 Ivernyr the Charmwright (level 4, -3/34 HPs)
             Began as a Demonspawn Skald on Apr 26, 2018.
             Killed by nerve-wracking pain
             ... invoked by Jessica
              (9 damage)
             ... on level 1 of the Dungeon.
             The game lasted 00:04:48 (1951 turns).

Ivernyr the Charmwright (Demonspawn Skald)          Turns: 1951, Time: 00:04:49

Health: -3/34      AC:  4    Str: 11    XL:     4   Next: 7%
Magic:  5/7        EV: 12    Int: 14    God:
Gold:   43         SH:  0    Dex: 16    Spells: 2/7 levels left

rFire    . . .     SeeInvis .   a - +0 falchion
rCold    + . .     Gourm    .   (no shield)
rNeg     . . .     Faith    .   b - +0 leather armour
rPois    .         Spirit   .   (no helmet)
rElec    .         Reflect  .   (no cloak)
rCorr    .         Harm     .   i - +0 pair of gloves
MR       .....                  (no boots)
Stlth    ++........             (no amulet)
HPRegen  0.11/turn              (no ring)
MPRegen  0.10/turn              (no ring)

@: shrouded (expiring)
A: thin skeletal structure 1, cold resistance 1, freezing cloud immunity
a: no special abilities


You were on level 1 of the Dungeon.
You were hungry.

You visited 1 branch of the dungeon, and saw 2 of its levels.

You collected 43 gold pieces.

Inventory:

Hand Weapons
 a - a +0 falchion (weapon)
Armour
 b - a +0 leather armour (worn)
 i - a +0 pair of gloves (worn)
Scrolls
 f - a scroll of remove curse {unknown}
 g - 3 scrolls of identify {unknown}
 j - a scroll of immolation {unknown}
Potions
 e - a potion of haste
 h - 2 potions of agility {unknown}
Books
 c - a book of Battle

   Spells                             Type                      Level
   a - Infusion                       Charms                       1
   b - Shroud of Golubria             Charms/Translocation         2
   c - Song of Slaying                Charms                       2
   d - Spectral Weapon                Hexes/Charms                 3
   e - Regeneration                   Charms/Necromancy            3
Comestibles
 d - 3 rations


   Skills:
 + Level 2.6 Fighting
 + Level 2.3 Long Blades
 * Level 2.2 Armour
 - Level 1.7 Dodging
 - Level 2.0 Spellcasting
 + Level 3.1 Charms


You had 2 spell levels left.
You knew the following spells:

 Your Spells              Type           Power        Failure   Level  Hunger
a - Shroud of Golubria    Chrm/Tloc      #.........   26%         2    ###....
b - Song of Slaying       Chrm           ##......     13%         2    ###....
c - Infusion              Chrm           ##..         9%          1    ##.....


Dungeon Overview and Level Annotations

Branches:
Dungeon (2/15)

Altars:

Annotations:
D:1 Jessica


Innate Abilities, Weirdness & Mutations

You have a somewhat thin skeletal structure. (Dex +2, Stealth)
Your flesh is cold resistant. (rC+)
You are immune to freezing clouds.


Message History

Jessica blinks!
Jessica closely misses you.
You riposte.
You closely miss Jessica.
Jessica is moderately wounded.
You see here a club.
You hit Jessica.
Jessica is almost dead.
Jessica closely misses you.
You barely miss Jessica.
Jessica is almost dead.
Jessica barely misses you.
You hit Jessica but do no damage.
Jessica is almost dead.
Jessica shouts, "You're disturbing me!
I'll have to kill you!" Jessica closely misses you.
You barely miss Jessica.
Jessica is almost dead.
Your shroud begins to fray at the edges.
Jessica points at you and mumbles some strange words.
Pain shoots through your body!
You die...

#....##'#+###.# #.# #.....≈≈≈≈≈≈
#..........##.# #.# #....≈≈≈≈≈≈≈
#....).....##.# #.# ############
#..........##.# #.# #..
#..........##)# #.# #.#
#....)........####.# #.#
#....##.#..........# #.#
#######>#######################.#
#.# #.@@............... #.#
#.###############..
######.#######>............# #..
#................######.##.###..
#......#########@# #.#....)..
#......# #.# #.#...###. #......#
#.# #.#.#.###. #......# #.#
#.#.#..##. #......#######
#.######.#.##.##.


You could see Jessica.

Vanquished Creatures
  2 adders (D:2)
  A dart slug (D:2)
  2 giant cockroaches (D:1)
  9 goblins
  9 hobgoblins
  8 jackals (D:1)
  4 kobolds (D:1)
  5 bats
  2 frilled lizards (D:1)
  3 rats
45 creatures vanquished.

Notes
Turn   | Place    | Note
-------+----------+-------------------------------------------
     0 | D:1      | Ivernyr the Demonspawn Skald began the quest for the Orb.
     0 | D:1      | Reached XP level 1. HP: 16/16 MP: 3/3
    38 | D:1      | Reached skill level 1 in Armour
   141 | D:1      | Gained mutation: Your flesh is cold resistant. (rC+) [demonic ancestry]
   141 | D:1      | Reached XP level 2. HP: 9/22 MP: 5/5
   399 | D:1      | Learned a level 2 spell: Song of Slaying
   402 | D:1      | Learned a level 2 spell: Shroud of Golubria
   800 | D:1      | Gained mutation: You have a somewhat thin skeletal structure. (Dex +2, Stealth) [demonic ancestry]
   800 | D:1      | Reached XP level 3. HP: 25/28 MP: 3/6
  1168 | D:1      | Reached skill level 3 in Charms
  1847 | D:2      | Gained mutation: You are immune to freezing clouds. [demonic ancestry]
  1847 | D:2      | Reached XP level 4. HP: 27/34 MP: 7/7
  1915 | D:2      | Noticed Jessica
  1951 | D:1      | Killed from afar by Jessica

Skill      XL: |  1  2  3 |
---------------+----------+-----
Armour         | 1 2 |  2.2
Long Blades    | 2 |  2.3
Charms         | 3 |  3.1
Fighting       | |  2.6
Dodging        | |  1.7
Spellcasting   | |  2.0

Action                   |  1- 3 |  4- 6 || total
-------------------------+-------+-------++-------
Melee: Falchion          |   156 |    17 ||   173
 Cast: Shroud of Golubri |     7 |     2 ||     9
       Song of Slaying   |     2 |       ||     2
 Stab: Sleeping          |     2 |       ||     2
  Eat: Chunk             |     4 |       ||     4
Armor: Leather armour    |    43 |     4 ||    47
Dodge: Dodged            |   110 |    14 ||   124
       Rpst.: Falchion   |    38 |     2 ||    40
